 Dungeon Crawl Stone Soup version 0.27.1-3-gb3d3a73c9e (webtiles) character file.

Game seed: 15753573110648502528

144 someAlex the Sneak (level 5, -1/26 HPs)
             Began as a Spriggan Brigand on Oct 30, 2021.
             Splashed by a jelly's acid (8 damage)
             ... on level 3 of the Dungeon.
             The game lasted 00:25:09 (4411 turns).

someAlex the Sneak (Spriggan Brigand)               Turns: 4411, Time: 00:25:10

Health: -1/26      AC: -1    Str:  7    XL:     5   Next: 5%
Magic:  6/6        EV: 18    Int: 13    God:
Gold:   73         SH:  0    Dex: 17    Spells: 4/4 levels left

rFire    + . .     SeeInvis +   a - +2 dagger
rCold    . . .     Faith    .   (shield restricted)
rNeg     . . .     Spirit   .   b - +0 robe
rPois    .         Reflect  .   (helmet restricted)
rElec    .         Harm     .   c - +0 cloak
rCorr    .         Rampage  .   (gloves unavailable)
Will     .....                  (boots unavailable)
Stlth    ++++......             (no amulet)
HPRegen  0.08/turn              m - ring of protection from cold
MPRegen  0.10/turn              l - ring of fire

@: corroded, very quick
A: very small, no large weapons, unfitting armour, see invisible, speed 3
a: no special abilities


You were on level 3 of the Dungeon.
You visited 1 branch of the dungeon, and saw 3 of its levels.

You collected 73 gold pieces.

Inventory:

Hand Weapons
 a - a +2 dagger (weapon)
Missiles
 d - 8 poisoned darts (quivered)
 e - 2 curare-tipped darts
Armour
 b - a +0 robe (worn)
 c - a +0 cloak (worn)
Jewellery
 l - a ring of fire (right hand)
 m - a ring of protection from cold (left hand)
Scrolls
 g - a scroll of teleportation
 h - a scroll of magic mapping
 j - a scroll of blinking
 k - a scroll of enchant armour {unknown}
 p - a scroll of torment {unknown}
Potions
 f - a potion of might
 i - a potion of degeneration {unknown}
 n - a potion of mutation {unknown}
 o - a potion of attraction {unknown}


   Skills:
 + Level 2.3 Fighting
 + Level 3.0 Short Blades
 + Level 2.7 Throwing
 + Level 3.0 Dodging
 * Level 7.3 Stealth


You had 4 spell levels left.
You didn't know any spells.
Your spell library was empty.

Dungeon Overview and Level Annotations

Branches:
Dungeon (3/15)

Altars:

Annotations:
D:2 Natasha


Innate Abilities, Weirdness & Mutations

You are very small and have problems with some larger weapons.
You are too small for most types of armour.
You have supernaturally acute eyesight. (SInv)
You cover ground extremely quickly. (Speed+++)


Message History

An adder comes into view.
Found a stone staircase leading up.
There is a stone staircase leading up here.
The helpless adder fails to defend itself.
You spit the adder like a pig!!!
You kill the adder!
You have reached level 5!
You feel clever.
You see here an adder corpse.
You open the door.
There is an open door here.
p - a scroll labelled VUXASTR JURPHEIB
There is an open door here.
You see here an adder corpse.
A jelly comes into view.
Found an escape hatch in the ceiling.
The jelly quivers.
You hit the jelly.
Your hands burn!
The jelly is lightly wounded.
The jelly closely misses you.
You hit the jelly.
Your hands burn!
The jelly is moderately wounded.
The jelly closely misses you.
You hit the jelly.
Your hands burn!
The jelly is moderately wounded.
The jelly closely misses you.
You hit the jelly. The acid corrodes you!
Your hands burn!
The jelly is severely wounded.
The jelly barely misses you.
You hit the jelly.
Your hands burn!
The jelly is severely wounded.
The jelly closely misses you.
You hit the jelly.
Your hands burn!
The jelly is severely wounded.
You hit the jelly.
Your hands burn!
The jelly is almost dead.
The jelly hits you.
* * * LOW HITPOINT WARNING * * *
You are splashed with acid!
You die...

.....#......#
....######### .#### .#
######## # .#
#......##.# .#
#.#.......#
.##########.#.##.####
...<..........##.######.
######.†###.####@.......
##.#####...J#####..
#.#...####.# #.'...# #.#
###...# #.# ##### #<#
#.. ###


You could see a jelly.

Vanquished Creatures
  4 gnolls
  5 adders
  A worm (D:2)
  5 bats
  2 endoplasms
  4 giant cockroaches
  5 goblins
  7 hobgoblins
  7 jackals
  6 kobolds
  A quokka (D:1)
  6 ball pythons
  A frilled lizard (D:2)
  A rat (D:2)
55 creatures vanquished.

Notes
Turn   | Place    | Note
-------+----------+-------------------------------------------
     0 | D:1      | someAlex the Spriggan Brigand began the quest for the Orb.
     0 | D:1      | Reached XP level 1. HP: 10/10 MP: 2/2
   123 | D:1      | Reached skill level 6 in Stealth
   317 | D:1      | Reached XP level 2. HP: 15/15 MP: 3/3
  1198 | D:2      | Reached XP level 3. HP: 18/18 MP: 4/4
  1800 | D:1      | Reached XP level 4. HP: 11/23 MP: 5/5
  2805 | D:2      | Reached skill level 7 in Stealth
  2831 | D:2      | Noticed Natasha
  3149 | D:2      | Found a faded altar of an unknown god.
  4379 | D:3      | Reached XP level 5. HP: 26/26 MP: 6/6
  4411 | D:3      | Splashed by a jelly's acid

Illustrated notes

Levels and vault maps discovered:
D:1:      scummos_arrival_forest, layout_basic
D:2:      layout_loops_ring, hellmonk_ecumenical_altar_arch_garden,
          bh_walls_and_bars, uniq_natasha
D:3:      layout_loops_cross, mainiacjoe_overflow_cross_hatched,
          eino_tiny_chamber

Skill      XL: |  1  2  3  4 |
---------------+-------------+-----
Stealth        | 6 7 |  7.3
Dodging        | 2 3 |  3.0
Fighting       | 2 |  2.3
Short Blades   | 3 |  3.0
Throwing       | |  2.7

Action                   |  1- 3 |  4- 6 || total
-------------------------+-------+-------++-------
Melee: Dagger            |   142 |   136 ||   278
  Use: Scroll            |     5 |       ||     5
 Stab: Sleeping          |     7 |     9 ||    16
       Distracted        |       |     2 ||     2
Armor: Robe              |    22 |    12 ||    34
Dodge: Dodged            |   117 |   107 ||   224
